 Dungeon Crawl Stone Soup version 0.24.1-14-gf8d2b509d9 (webtiles) character file.

Game seed: 10508185867328074290, levelgen mode: deterministic

1838 KlarStein the Slasher (level 8, 51/51 HPs)
             Began as a Demonspawn Fighter on July 10, 2020.
             Was a Follower of Ashenzari.
             Quit the game on level 6 of the Dungeon.
             The game lasted 00:28:32 (5151 turns).

KlarStein the Slasher (Demonspawn Fighter)          Turns: 5151, Time: 00:28:33

Health: 51/51      AC: 17    Str: 23    XL:     8   Next: 87%
Magic:  8/8        EV:  4    Int:  9    God:    Ashenzari [*.....]
Gold:   373        SH: 11    Dex: 12    Spells: 7/7 levels left

rFire    . . .     SeeInvis .   a - +1 long sword
rCold    . . .     Gourm    .   c - +1 shield (curse)
rNeg     . . .     Faith    .   v - +0 plate armour (curse)
rPois    .         Spirit   +   (helmet unavailable)
rElec    .         Reflect  .   k - +0 cloak
rCorr    .         Harm     .   B - +1 pair of gloves {Str+3}
MR       .....                  (no boots)
Stlth    ..........             (no amulet)
HPRegen  0.17/turn              (no ring)
MPRegen  0.11/turn              (no ring)

@: no status effects
A: claws 1, horns 3, iridescent scales 1, blink, frail 2, magic shield
a: Blink, Curse Item, Scrying, Renounce Religion


You were on level 6 of the Dungeon.
You worshipped Ashenzari.
Ashenzari was aware of your devotion.
You were hungry.

You visited 2 branches of the dungeon, and saw 7 of its levels.
You also visited: Sewer.

You collected 373 gold pieces.

Inventory:

Hand Weapons
 a - a +1 long sword (weapon)
Armour
 c - a cursed +1 shield (worn)
 k - a +0 cloak (worn)
 o - a +2 robe of magic resistance
 t - the +2 robe "Qawov" {rF+}
   (You found it on level 4 of the Dungeon)

   It protects you from fire.
 v - a cursed +0 plate armour (worn)
 w - a +0 troll leather armour {Purgy}
 B - a +1 pair of gloves of strength (worn)
Magical Staves
 u - an uncursed staff of death
Jewellery
 p - a cursed ring of ice
Scrolls
 b - a scroll of fog {unknown}
 e - 3 scrolls of fear
 h - a scroll of magic mapping
 i - 2 scrolls of enchant armour
 j - 2 scrolls of identify
 r - a scroll of enchant weapon
 s - 3 scrolls of teleportation
 y - a scroll of remove curse
Potions
 d - 4 potions of might
 g - 2 potions of brilliance
 l - a potion of invisibility
 m - a potion of agility
 n - a potion of resistance
 x - a potion of heal wounds {unknown}
 z - a potion of curing
 A - a potion of ambrosia {unknown}
Comestibles
 f - 9 rations


   Skills:
 + Level 5.9 Fighting
 * Level 6.8 Long Blades
 + Level 5.4 Armour
 + Level 5.4 Shields


You had 7 spell levels left.
You didn't know any spells.
Your spell library contained the following spells:

 Spells                   Type           Power        Failure   Level  Hunger
 Animate Skeleton         Necr           N/A          100%        1    ##.....
 Apportation              Tloc           #.....       100%        1    ##.....
 Confusing Touch          Hex            #.....       100%        1    ##.....
 Corona                   Hex            #......      100%        1    ##.....
 Summon Small Mammal      Summ           #...         100%        1    ##.....
 Slow                     Hex            #.......     100%        2    ###....
 Inner Flame              Hex/Fire       #.......     100%        3    ####...
 Portal Projectile        Hex/Tloc       #.....       100%        3    ####...
 Cause Fear               Hex            #.........   100%        4    #####..
 Leda's Liquefaction      Hex/Erth       #.........   100%        4    #####..


Dungeon Overview and Level Annotations

Branches:
Dungeon (6/15)             Temple (1/1) D:5           Sewer (visited)

Altars:
Ashenzari
Cheibriados
Dithmenos
Elyvilon
Fedhas
Gozag
Kikubaaqudgha
Makhleb
Okawaru
Qazlal
Ru
Sif Muna
Trog
Uskayaw
Vehumet
Wu Jian
Yredelemnul
Zin
The Shining One
Lugonu

Shops:
D:5 (   D:6 !


Innate Abilities, Weirdness & Mutations

You have a pair of large horns on your head.
You are partially covered in iridescent scales. (AC +2)
When hurt, damage is shared between your health and your magic reserves.
You have sharp fingernails.
You can translocate small distances at will.
You are very frail. (-20% HP)


Message History

You kill the scorpion!
You feel sick.
You start resting.
You feel sick. x4
Magic restored.
You start resting.
You feel sick. x5
You are no longer poisoned.
You start resting.
You are feeling hungry.
Okay, then.
There is an entrance to Ugeol's Distillery here.
As you read the scroll of identify, it crumbles to dust.
q - a potion of mutation Really quaff the potion of mutation?
Uppercase [Y]es or [N]o only, please.
Really quaff the potion of mutation?
You feel extremely strange.
You feel frail.
You feel jittery.
You feel frail.
Your fingernails lengthen.
Unknown command.
Are you sure you want to abandon this character and quit the game? (Confirm with "yes".)

######.###.##.##.#
####.###.##.##.# #
#......#.##..... . #.
#......#.##.##.# .. ..##..
#......#.##.##.# #.##.... ...
###.†....#.##.#... #......# ..
#....#.###.##.##..
##.##...##.###.#.#..#.###.##.##.#
................@....... ..##.#
........##.##..#.###..... ......
)................. ..... ......
.......>..........# ..###. ###.#
........##.........(... #.
........#####..###.....# #
##.#....###....###... .
##.#.#..........##..# #..
##.#.##.........##..# ..


There were no monsters in sight!

Vanquished Creatures
  Sigmund (D:6)
  A water moccasin (D:6)
  2 orc warriors
  Purgy (Sewer)
  An ice beast (D:6)
  A phantom (D:5)
  3 ogres
  3 centaurs
  A bullfrog (D:6)
  A scorpion (D:6)
  2 howler monkeys (D:4)
  2 orc priests
  A hound (D:5)
  A worker ant (D:5)
  3 orc wizards
  A hound skeleton (D:4)
  10 adders
  3 shadow imps (D:5)
  An ooze (D:3)
  An adder zombie (D:6)
  3 worms
  2 dart slugs
  4 leopard geckos
  10 orcs
  5 ball pythons
  7 giant cockroaches
  21 goblins
  5 hobgoblins
  9 jackals
  5 quokkas
  6 bats
  5 frilled lizards
  5 kobolds
  A leopard gecko skeleton (D:4)
  A leopard gecko zombie (D:5)
  16 rats
145 creatures vanquished.

Notes
Turn   | Place    | Note
-------+----------+-------------------------------------------
     0 | D:1      | KlarStein the Demonspawn Fighter began the quest for the
                  | Orb.
     0 | D:1      | Reached XP level 1. HP: 18/18 MP: 1/1
   225 | D:1      | Reached skill level 2 in Long Blades
   235 | D:1      | Gained mutation: You have a pair of small horns on your
                  | head. [demonic ancestry]
   235 | D:1      | Reached XP level 2. HP: 18/24 MP: 2/2
   800 | D:1      | Reached XP level 3. HP: 29/29 MP: 3/3
   901 | D:2      | Found a snail-covered altar of Cheibriados.
  1202 | D:2      | Gained mutation: You are partially covered in iridescent
                  | scales. (AC +2) [demonic ancestry]
  1202 | D:2      | Reached XP level 4. HP: 15/35 MP: 4/4
  1532 | D:2      | Reached skill level 3 in Long Blades
  1666 | D:2      | Gained mutation: You have a pair of horns on your head.
                  | [demonic ancestry]
  1666 | D:2      | Reached XP level 5. HP: 38/42 MP: 5/5
  1848 | D:2      | Found a basalt altar of Yredelemnul.
  1858 | D:2      | Found a hide-covered altar of Uskayaw.
  2468 | D:3      | Noticed an ogre
  2470 | D:3      | Killed an ogre
  2470 | D:3      | Reached XP level 6. HP: 48/48 MP: 6/6
  2709 | D:4      | Reached skill level 4 in Long Blades
  2819 | D:4      | Got an opalescent robe
  2822 | D:4      | Found an ornate altar of the Wu Jian Council.
  2925 | D:5      | Entered Level 5 of the Dungeon
  3252 | D:5      | Noticed an orc warrior
  3278 | D:5      | Killed an orc warrior
  3278 | D:5      | Gained mutation: When hurt, damage is shared between your
                  | health and your magic reserves. [demonic ancestry]
  3278 | D:5      | Reached XP level 7. HP: 16/55 MP: 7/7
  3543 | D:5      | Found a glowing drain.
  3551 | Sewer    | Entered a sewer
  3578 | Sewer    | Noticed Purgy
  3586 | Sewer    | Killed Purgy
  3718 | D:5      | Reached skill level 5 in Long Blades
  3768 | D:5      | Found a shattered altar of Ashenzari.
  3771 | D:5      | Became a worshipper of Ashenzari the Shackled
  3771 | D:5      | Identified the +2 robe "Qawov" {rF+} (You found it on level
                  | 4 of the Dungeon)
  3819 | D:5      | Found a shadowy altar of Dithmenos.
  4058 | D:5      | Reached skill level 5 in Fighting
  4157 | D:5      | Found Plog's Weapon Boutique.
  4380 | D:5      | Found a shimmering blue altar of Sif Muna.
  4384 | D:5      | Found a burning altar of Makhleb.
  4384 | D:5      | Found a glowing golden altar of the Shining One.
  4389 | D:5      | Gained mutation: You have a pair of large horns on your
                  | head. [demonic ancestry]
  4389 | D:5      | Reached XP level 8. HP: 57/62 MP: 6/8
  4398 | D:5      | Found an iron altar of Okawaru.
  4443 | D:5      | Found a staircase to the Ecumenical Temple.
  4449 | Temple   | Entered the Ecumenical Temple
  4646 | D:6      | Noticed Sigmund
  4661 | D:6      | Killed Sigmund
  4681 | D:6      | Reached skill level 6 in Long Blades
  4715 | D:6      | Reached skill level 5 in Armour
  4715 | D:6      | Reached skill level 5 in Shields
  5020 | D:6      | Reached * piety under Ashenzari
  5091 | D:6      | Found Ugeol's Distillery.
  5150 | D:6      | Gained mutation: You are frail. (-10% HP) [potion of
                  | mutation]
  5150 | D:6      | Gained mutation: You can translocate small distances at
                  | will. [potion of mutation]
  5150 | D:6      | Gained mutation: You are very frail. (-20% HP) [potion of
                  | mutation]
  5150 | D:6      | Gained mutation: You have sharp fingernails. [potion of
                  | mutation]
  5151 | D:6      | Quit the game

Levels and vault maps discovered:
D:1:      psy_arrival_whirlpool, layout_basic
D:2:      layout_basic, cheibriados_altar_1, amethyst_overflow_temple_binary,
          minmay_pentomino_x4
D:3:      layout_basic, minmay_ogre_servants
D:4:      layout_basic, nemelex_altar_shiori, nicolae_overflow_crystal_walls,
          first_ration, minmay_statues_item
D:5:      layout_loops_cross, nicolae_dithmenos_shadow_blocks,
          lemuel_doored_altar, minitemple, minmay_temple_entry_enclosed_plants,
          portal_sewer_entry_b, serial_shops, shop, item_on_display_a
D:6:      layout_basic, serial_shops, nicolae_shop_crystal, uniq_sigmund
Temple:   kb_corrupted_temple

Skill      XL: |  1  2  3  4  5  6  7  8 |
---------------+-------------------------+-----
Long Blades    | 2 3 4 5 6 |  6.8
Armour         | 3 4 5 |  5.4
Shields        | 3 4 5 |  5.4
Fighting       | 4 5 |  5.9

Action                   |  1- 3 |  4- 6 |  7- 9 || total
-------------------------+-------+-------+-------++-------
Melee: Long sword        |   120 |   163 |   176 ||   459
       Headbutt          |    11 |    37 |    34 ||    82
Invok: Curse Item        |       |       |     1 ||     1
Evoke: Wand              |       |     4 |     2 ||     6
  Use: Scroll            |       |     8 |     4 ||    12
       Potion            |       |     1 |     1 ||     2
  Eat: Chunk             |     1 |     6 |     7 ||    14
Armor: Scale mail        |    40 |    66 |       ||   106
       Plate armour      |       |       |    87 ||    87
Dodge: Dodged            |    34 |    39 |    20 ||    93
Block: Shield            |    54 |    88 |    84 ||   226
       Rpst.: Long sword |    11 |    21 |     5 ||    37
